 Dungeon Crawl Stone Soup version 0.31-a0-95-g6fa058ef04 (webtiles) character file.

Game seed: 6239735007118685222

224 Pooter the Shooter (level 5, -1/46 HPs)
             Began as a Minotaur Hunter on May 25, 2023.
             Slain by Ijyb
             ... wielding a +0 club
              (3 damage)
             ... on level 3 of the Dungeon on May 26, 2023.
             The game lasted 00:09:05 (2297 turns).

Pooter the Shooter (Minotaur Hunter)                Turns: 2297, Time: 00:09:06

Health: -1/46      AC:  4    Str: 16    XL:     5   Next: 67%
Magic:  13/13      EV: 12    Int:  6    God:
Gold:   195        SH:  0    Dex: 15    Spells: 4/4 levels left

rFire   . . .        a - +0 spear
rCold   . . .        (no shield)
rNeg    . . .        c - +0 leather armour
rPois   .            (helmet restricted)
rElec   .            (no cloak)
rCorr   .            (no gloves)
SInv    .            g - +0 pair of boots
Will    .....        (no amulet)
Stlth   ++           p - ring of magical power
HPRegen 0.27/turn    (no ring)
MPRegen 0.13/turn

%: no passive effects
@: no status effects
A: horns 2, retaliatory headbutt
a: no special abilities


You were on level 3 of the Dungeon.
You visited 1 branch of the dungeon, and saw 3 of its levels.

You collected 195 gold pieces.

Inventory:

Hand Weapons
 a - a +0 spear (weapon)
   (You found it on level 1 of the Dungeon)
 b - a +0 shortbow
Missiles
 d - 2 atropa-tipped darts
 h - 6 poisoned darts (quivered)
 Q - 14 stones
Armour
 c - a +0 leather armour (worn)
 g - a +0 pair of boots (worn)
   (You found it on level 1 of the Dungeon)
Jewellery
 p - a ring of magical power (left hand)
   (You found it on level 2 of the Dungeon)
Scrolls
 e - a scroll of poison {unknown}
 f - a scroll of immolation {!r}
 i - a scroll of identify {unknown}
 j - a scroll of enchant weapon {unknown}
 l - a scroll of fear {unknown}
 m - a scroll of vulnerability {unknown}
 o - a scroll of noise {!r}
 s - a scroll of butterflies {unknown}
 t - a scroll of magic mapping
Potions
 k - a potion of curing {unknown}
 n - 2 potions of heal wounds {unknown}
 q - a potion of lignification {unknown}
 r - a potion of mutation {unknown}


   Skills:
 + Level 3.8 Fighting
 * Level 5.9 Ranged Weapons
 - Level 2.1 Dodging
 * Level 3.2 Stealth


You had 4 spell levels left.
You didn't know any spells.
Your spell library contained the following spells:

 Spells                   Type           Power      Damage    Failure   Level
 Frozen Ramparts          Ice            0%         1d1       88%         3
 Ice Form                 Ice/Tmut       0%         N/A       99%         4
 Summon Ice Beast         Ice/Summ       0%         N/A       99%         4


Dungeon Overview and Level Annotations

Branches:
Dungeon (3/15)

Altars:

Annotations:
D:3 Ijyb


Innate Abilities, Weirdness & Mutations

You have a pair of horns on your head.
You reflexively headbutt those who attack you in melee.


Message History

Throw: 4 darts (atropa)
Aim: Sigmund, wielding a +0 scythe and wearing a +0 robe (asleep, 98% to hit, chance to blind on hit: 80%)
You throw an atropa-tipped dart. The atropa-tipped dart hits Sigmund.
Sigmund appears confused.
Sigmund shouts!
Sigmund seems less confused.
Sigmund gestures at you while chanting. You resist with some effort.
Ijyb shouts!
Sigmund barely misses you. You furiously retaliate!
You headbutt Sigmund. You hit Sigmund. You headbutt Sigmund!
Sigmund is no longer blind.
Ijyb screams, "Me stronger than you!"
Sigmund mumbles some strange words.
Sigmund flickers and vanishes!
Deactivating autopickup; reactivate with Ctrl-A.
Ijyb zaps a wand.
The mass of ice explodes!
The iceblast engulfs you!!
Ouch! That really hurt!
* * * LOW HITPOINT WARNING * * *
The iceblast engulfs something!
You miss something. Something hits you but does no damage.
You completely miss something. Something hits you but does no damage.
Throw: 3 darts (atropa)
Aim: Ijyb, wielding a +0 club, wearing a +0 ring mail and carrying a wand of iceblast (7) (55% to hit, chance to blind on hit: 83%)
You throw an atropa-tipped dart.
The atropa-tipped dart barely misses Ijyb.
Ijyb zaps a wand.
The mass of ice explodes!
The iceblast engulfs you!
* * * LOW HITPOINT WARNING * * *
The iceblast engulfs something!
Reactivating autopickup.
You feel a bit more experienced.
You hear an angry hiss.
Your Stealth skill increases to level 3!
You have reached level 5!
Ijyb completely misses you.
Things that are here:
a +0 scythe; a +0 robe; a lumpy clear potion You closely miss Ijyb.
Ijyb closely misses you.
You hit Ijyb but do no damage. Ijyb closely misses you.
You barely miss Ijyb. Your headbutt misses Ijyb. Ijyb hits you with a +0 club.
* * * LOW HITPOINT WARNING * * *
You barely miss Ijyb. Ijyb hits you with a +0 club.
* * * LOW HITPOINT WARNING * * *
You hit Ijyb but do no damage. You headbutt Ijyb, but do no damage.
Ijyb screams, "Die!"
Ijyb hits you with a +0 club.
You die...

*,,,,,,,,,⌠,,,⌠,* *,,*,**
****,,,,,,,,,,,,* **,,,**
*,,,,,****,*** *,,,,**
*********,,,,,****,***** *,**,*,
*,,,,,,,#..g,,,,**,,,>,** *,**,*,
*,,,,,,,#...,,*,,,,,,,,,***,,,,,,
*,,,,,,,,...,,*******,*,,##.,*,**
*,,,,.,,*#..###### *,,,....,,,,*
*****#.**#....(g@#######..$.,*,,,
#..##..####..##....<...,,,,,
*#.....## ##...........,,*,,
**#....###...#........,,,,,
##.......###.#####.#,*,**
**#....#### #)# *...,*,*
#....#.### #.#*##..***,*
#.#..#...####.#*...,* *,**
#......##..÷..#..#*,* *,,,


You could see Ijyb.

Vanquished Creatures
  7 adders
  A worm (D:2)
  4 dart slugs
  An orc (D:3)
  5 endoplasms
  4 giant cockroaches
  3 goblins
  A hobgoblin (D:2)
  2 jackals (D:3)
  3 ball pythons
  A bat (D:2)
  3 frilled lizards
  A kobold (D:1)
  4 rats
40 creatures vanquished.

Vanquished Creatures (others)
  Sigmund (D:3)
1 creature vanquished.

Grand Total: 41 creatures vanquished

Notes
Turn   | Place    | Note
-------+----------+-------------------------------------------
     0 | D:1      | Pooter the Minotaur Hunter began the quest for the Orb.
     0 | D:1      | Reached XP level 1. HP: 18/18 MP: 0/0
   199 | D:1      | Reached skill level 1 in Stealth
   258 | D:1      | Reached XP level 2. HP: 22/25 MP: 1/1
   727 | D:2      | Reached XP level 3. HP: 14/30 MP: 2/2
   922 | D:2      | Reached skill level 5 in Ranged Weapons
  1440 | D:2      | Reached XP level 4. HP: 32/38 MP: 3/3
  1962 | D:3      | Noticed Sigmund
  1976 | D:3      | Noticed Ijyb
  2291 | D:3      | Killed Sigmund
  2292 | D:3      | Reached XP level 5. HP: 5/46 MP: 4/4
  2296 | D:3      | HP: 1/46 [Ijyb/+0 club (4)]
  2297 | D:3      | Slain by Ijyb

Illustrated notes

Levels and vault maps discovered:
D:1:      zelgadis_glass_arrival_small, layout_basic
D:2:      layout_loops_corners, minmay_split_cup_small
D:3:      layout_rooms, nicolae_ru_the_path_less_chosen,
          gammafunk_ghost_mausoleum, hangedman_decor_slide_cut,
          nicolae_shop_vocational, uniq_jessica, uniq_sigmund, uniq_ijyb

Skill      XL: |  1  2  3  4 |
---------------+-------------+-----
Stealth        | 1 2 3 |  3.2
Fighting       | 3 |  3.8
Ranged Weapons | 5 |  5.9
Dodging        | |  2.1

Action                     |  1- 3 |  4- 6 || total
---------------------------+-------+-------++-------
  Melee: Spear             |    43 |    40 ||    83
         Headbutt          |     4 |     5 ||     9
         Punch             |     1 |       ||     1
   Fire: Shortbow          |    48 |    13 ||    61
  Throw: Dart              |       |     2 ||     2
    Use: Scroll            |     1 |     1 ||     2
   Stab: Distracted        |       |     1 ||     1
 Armour: Leather armour    |    17 |    11 ||    28
  Dodge: Dodged            |    32 |    26 ||    58

Table legend: (Time is in decaauts)
 A = Elapsed time spent in this place.
 B = Non-inter-level travel time spent in this place.
 C = Inter-level travel time spent in this place.
 D = Time resting spent in this place.
 E = Time spent auto-exploring this place.
 F = Levels seen in this place.
 G = Mean time per level.
                   A        B        C        D        E       F      G
               +--------+--------+--------+--------+--------+-----+--------+
         Total |   2303 |   2234 |     69 |    464 |   1374 |   3 |  767.7 |
       Dungeon |   2303 |   2234 |     69 |    464 |   1374 |   3 |  767.7 |
               +--------+--------+--------+--------+--------+-----+--------+

Top non-repeatable levels by time:
     D:2: 1184 daAuts
     D:1: 715 daAuts
     D:3: 403 daAuts
